 Dungeon Crawl Stone Soup version 0.17-a0-1650-gce8475a (webtiles) character file.

39 LilCorpsy the Ruffian (level 3, -2/46 HPs)
             Began as a Naga Transmuter on Aug 13, 2015.
             Slain by a gnoll
             ... wielding a +0 flail
              (4 damage)
             ... on level 2 of the Dungeon.
             The game lasted 00:02:52 (1931 turns).

LilCorpsy the Ruffian (Naga Transmuter)             Turns: 1931, Time: 00:02:52

Health: -2/46      AC: 21    Str: 12    XL:     3   Next: 47%
Magic:  6/6        EV:  1    Int: 14    God:
Gold:   76         SH:  0    Dex: 11    Spells: 1 memorised, 5 levels left

rFire  + . .     SeeInvis +       - Unarmed
rCold  x . .     Clarity  .     (armour currently unavailable)
rNeg   + + +     SustAt   .     (no shield)
rPois  +         Gourm    .     (helmet currently unavailable)
rElec  .         Spirit   .     (cloak currently unavailable)
rCorr  .         Warding  +     (gloves currently unavailable)
rMut   .         NoTele   +     (no barding)
MR     .....                    h - amulet of warding
Stlth  +.........               (no ring)
                                g - ring of fire

@: tree-form, hasted, very quick, not resistant to hostile enchantments, very
unstealthy
A: see invisible, (deformed body), (poison resistance), (slowness 0), slow
metabolism 1, spit poison 2, AC +1
a: Spit Poison


You were on level 2 of the Dungeon.
You were not hungry.
You were a tree.
You visited 1 branch of the dungeon, and saw 2 of its levels.

You collected 76 gold pieces.

Inventory:

Missiles
 a - 12 arrows
 n - a throwing net (quivered)
Armour
 b - a +0 robe (melded)
Jewellery
 g - a ring of fire (left branch)
 h - an amulet of warding (around neck)
Scrolls
 i - 3 scrolls of identify {unknown}
 j - a scroll of amnesia {unknown}
 k - a scroll of remove curse {unknown}
 l - 2 scrolls of recharging {unknown}
 p - a scroll of noise {unknown}
Potions
 d - a potion of agility {unknown}
 e - a potion of haste
 m - 2 potions of lignification
Books
 c - a book of Changes

   Spells                             Type                      Level
   a - Beastly Appendage              Transmutation                1
   b - Sticks to Snakes               Transmutation                2
   c - Spider Form                    Transmutation/Poison         3
   d - Ice Form                       Ice/Transmutation            4
   e - Blade Hands                    Transmutation                5
Comestibles
 f - 2 meat rations
 o - a slice of pizza


   Skills:
 - Level 1.0 Fighting
 - Level 1.5 Dodging
 * Level 3.5 Unarmed Combat
 + Level 2.2 Spellcasting
 * Level 2.9 Transmutations


You had 5 spell levels left.
You knew the following spells:

 Your Spells              Type           Power        Failure   Level  Hunger
a - Beastly Appendage     Trmt           #.....       10%         1    #......


Dungeon Overview and Level Annotations

Branches:
Dungeon (2/15)

Altars:
Xom


Innate Abilities, Weirdness & Mutations

You cannot wear boots.
((Your serpentine skin is tough (AC +1).))
You have supernaturally acute eyesight.
((Armour fits poorly on your strangely shaped body.))
((Your system is resistant to poisons.))
((You cover ground very slowly.))
You have a slow metabolism.
You can spit poison.


Message History

You are too injured to fight recklessly!
You are too injured to fight recklessly!
You are too injured to fight recklessly!
You hit the gnoll but do no damage.
The gnoll is almost dead.
The gnoll closely misses you.
You closely miss the gnoll.
The gnoll is almost dead.
You hit the gnoll but do no damage.
The gnoll is almost dead.
Your transformation is almost over.
The gnoll hits you with a flail.
* * * LOW HITPOINT WARNING * * *
It was a potion of lignification.
Your horns disappear.
You turn into a tree.
Your +0 robe melds into your body.
Your roots penetrate the ground.
The gnoll hits you but does no damage.
It was a potion of haste.
You feel yourself speed up. The gnoll hits you with a flail.
You die...

.........#####.####...##.#
.......### #.# #g.....#
.......# #.####.#...#
.......# ##.#..#.....#
.......# #...........#
..###### ####...........##
......####................
#.###.#....#...g.g...#..#
#...#.##.....###♣.#.##
....#.##.##### ###..#
._.......# #...#......#
...##....# #...###......#
..###..### #..... ......#
#.###..# #.... ......#
.......# ..... ......#
#......###..... ......#
............... ......#


You could see 3 gnolls.

Vanquished Creatures
  An adder (D:2)
  An ooze (D:2)
  A ball python (D:1)
  6 bats
  A giant cockroach (D:1)
  3 hobgoblins
  5 kobolds
  A giant newt (D:1)
  3 goblins
  4 rats
26 creatures vanquished.

Notes
Turn   | Place    | Note
--------------------------------------------------------------
     0 | D:1      | LilCorpsy the Naga Transmuter began the quest for the Orb.
     0 | D:1      | Reached XP level 1. HP: 18/18 MP: 3/3
   218 | D:1      | Reached XP level 2. HP: 19/25 MP: 5/5
  1457 | D:2      | Found a shimmering altar of Xom.
  1525 | D:2      | Reached XP level 3. HP: 31/31 MP: 4/6
  1929 | D:2      | HP: 1/31 [gnoll/flail (6)]
  1931 | D:2      | Slain by a gnoll

Vault maps used:
D:1:      lightli_arrival_noodles
D:2:      nicolae_overflow_crystal_walls, gammafunk_temple_overflow_forgotten

Action                   || total
-------------------------++-------
Melee: Unarmed           ||    96
 Cast: Beastly Appendage ||    15
  Use: Potion            ||     2
  Eat: Bread ration      ||     1
